 Dungeon Crawl Stone Soup version 0.20.1-1-g8b1a95d (webtiles) character file.

231 dohliylev the Covert (level 5, 0/38 HPs)
             Began as a Vampire Assassin on Dec 3, 2017.
             Slain by a gnoll
             ... wielding a +0 spear
              (8 damage)
             ... on level 4 of the Dungeon.
             The game lasted 00:12:34 (3275 turns).

dohliylev the Covert (Vampire Assassin)             Turns: 3275, Time: 00:12:34

Health: 0/38       AC:  4    Str: 10    XL:     5   Next: 73%
Magic:  14/14      EV: 13    Int: 14    God:
Gold:   181        SH:  0    Dex: 16    Spells: 4/4 levels left

rFire    . . .     SeeInvis +   b - +0 blowgun
rCold    . . .     Gourm    .   (no shield)
rNeg     . . .     Faith    .   c - +0 robe
rPois    .         Spirit   .   t - +0 helmet
rElec    .         Reflect  .   d - +0 cloak
rCorr    .         Harm     .   (no gloves)
MR       .....                  (no boots)
Stlth    ++++......             (no amulet)
Regen    0.4/turn               k - ring of magical power
MPRegen  0.2/turn               (no ring)

@: regenerating quickly
A: fangs 3, see invisible, unbreathing
a: no special abilities


You were on level 4 of the Dungeon.
You were very full.

You visited 1 branch of the dungeon, and saw 4 of its levels.

You collected 181 gold pieces.

Inventory:

Hand Weapons
 a - a +2 dagger
 b - a +0 blowgun (weapon)
Missiles
 e - 8 poisoned needles (quivered)
 f - a curare-tipped needle
Armour
 c - a +0 robe (worn)
 d - a +0 cloak (worn)
 t - a +0 helmet (worn)
Jewellery
 k - a ring of magical power (left hand)
Scrolls
 h - 6 scrolls of identify {unknown}
 m - 2 scrolls of amnesia {unknown}
 n - a scroll of recharging {unknown}
 p - 2 scrolls of teleportation {unknown}
 r - a scroll of remove curse {unknown}
Potions
 g - 11 potions of blood
 i - 3 potions of heal wounds {unknown}
 j - 2 potions of flight {unknown}
 l - a potion of curing {unknown}
 o - a potion of mutation {unknown}
 q - a potion of berserk rage {unknown}
 s - a potion of haste {unknown}


   Skills:
 - Level 1.7 Fighting
 + Level 3.9 Short Blades
 - Level 1.5 Throwing
 + Level 2.5 Dodging
 - Level 9.0 Stealth


You had 4 spell levels left.
You didn't know any spells.

Dungeon Overview and Level Annotations

Branches:
Dungeon (4/15)
 Temple: D:4-7

Altars:

Shops:
D:4 }


Innate Abilities, Weirdness & Mutations

Your natural rate of healing is unusually fast.
You have razor-sharp teeth.
You have supernaturally acute eyesight. (SInv)
You can survive without breathing.


Message History

You shoot a poisoned needle.
The poisoned needle barely misses the gnoll.
The gnoll hits you from afar with a spear!
* * * LOW HITPOINT WARNING * * *
Firing (i - inventory. (,) - cycle):
e - 10 poisoned needles (quivered)
Press: ? - help, Shift-Dir - straight line, f/p - gnoll
Aim: a gnoll, wielding a spear (moderately wounded, poisoned)
You shoot a poisoned needle. The poisoned needle hits the gnoll.
The gnoll is moderately wounded.
The gnoll hits you from afar with a spear.
* * * LOW HITPOINT WARNING * * *
The gnoll looks more healthy.
You see here 3 poisoned needles.
Firing (i - inventory. (,) - cycle):
e - 9 poisoned needles (quivered)
Press: ? - help, Shift-Dir - straight line, f/p - gnoll
Aim: a gnoll, wielding a spear (moderately wounded)
You shoot a poisoned needle. The poisoned needle hits the gnoll.
The gnoll is moderately wounded.
The gnoll hits you from afar with a spear!
You die...

........(.###'#g#..##.#
#......#...'∩+.gg..g..
#....(.(...#+##...##g#
#......#.###..#...##.#
#......#.#. .........#
#......#.##.#.#.###..#
.######.#####.#.#.......
.......(........#.#.#..#
#######@#######.#.#.#..#
#.#(........#.#..#
#g#.#####.###.#...
#.(.....)....(<#.#
###)#####(.#.#.#.# #.#
#.(......#
#.#####.##.#.#..
#.(.g...##.#.#.#
##########.#.#.#


You could see a gnoll.

Vanquished Creatures
  6 gnolls
  7 adders
  An adder skeleton (D:4)
  6 worms
  5 dart slugs
  4 leopard geckos
  2 orcs (D:4)
  3 giant cockroaches
  9 hobgoblins
  4 jackals (D:3)
  10 kobolds
  6 bats
  5 frilled lizards
  8 goblins
  5 rats
81 creatures vanquished.

Notes
Turn   | Place    | Note
-------+----------+-------------------------------------------
     0 | D:1      | dohliylev the Vampire Assassin began the quest for the Orb.
     0 | D:1      | Reached XP level 1. HP: 16/16 MP: 1/1
    82 | D:1      | Reached skill level 6 in Stealth
   332 | D:1      | Reached XP level 2. HP: 18/22 MP: 2/2
   466 | D:1      | Reached skill level 7 in Stealth
   584 | D:1      | Reached XP level 3. HP: 27/27 MP: 3/3
   972 | D:1      | Reached skill level 8 in Stealth
  1292 | D:2      | Reached XP level 4. HP: 33/33 MP: 4/4
  1586 | D:2      | Reached skill level 9 in Stealth
  2002 | D:3      | Reached XP level 5. HP: 32/38 MP: 5/5
  2667 | D:4      | Noticed a phantom
  3214 | D:4      | Found Ozookiw's Gadget Boutique.
  3275 | D:4      | Slain by a gnoll

Skill      XL: |  1  2  3  4  5 |
---------------+----------------+-----
Stealth        | 6 7 8 9 |  9.0
Short Blades   | 3 |  3.9
Dodging        | 2 |  2.5
Fighting       | |  1.7
Throwing       | |  1.5

Action                   |  1- 3 |  4- 6 || total
-------------------------+-------+-------++-------
Melee: Dagger            |   103 |   204 ||   307
       Bite              |     4 |    21 ||    25
 Fire: Blowgun           |    14 |    51 ||    65
  Use: Potion            |       |     2 ||     2
 Stab: Sleeping          |     8 |    11 ||    19
       Distracted        |     1 |     1 ||     2
  Eat: Corpse            |    11 |     8 ||    19
Armor: Robe              |    15 |    31 ||    46
Dodge: Dodged            |    45 |   114 ||   159
